 Dungeon Crawl Stone Soup version 0.15-a0-33-ga435e27 (webtiles) character file.

438103 therealpatrickswayze the Spry (level 25, -5/183 HPs)
             Began as a Halfling Fighter on Mar 30, 2014.
             Was the Champion of the Shining One.
             Killed from afar by a tengu reaver (19 damage)
             ... with a bolt of poison
             ... on Level 5 of the Vaults on Apr 1, 2014.
             The game lasted 06:47:17 (83494 turns).

therealpatrickswayze the Spry (Halfling Fighter)   Turns: 83494, Time: 06:47:18

HP  -5/183       AC 21     Str 19      XL: 25   Next: 16%
MP  31/38        EV 35     Int 10      God: the Shining One [******]
Gold 3300        SH 32     Dex 22      Spells:  0 memorised, 24 levels left

rFire  + + .     SeeInvis .     a - +5,+6 long sword (elec)
rCold  . . .     Clarity  +     p - +0 fire dragon armour
rNeg   + + +     Conserve .     y - +1 shield
rPois  +         rCorr    .     G - +1 helmet of Least Resistance {Int+2}
rElec  .         rRot     .     v - +1 cloak {rPois}
SustAb . .       Spirit   .     x - +0 pair of gloves
rMut   .         Warding  .     g - +2 pair of boots {+Jump}
Saprov . . .     Stasis   .     I - amulet of clarity
MR     +....                    M - ring of protection from cold
                                B - +5 ring of evasion

@: glowing, somewhat resistant to hostile enchantments, extremely unstealthy
A: mutation resistance 1, slow metabolism 1
a: Divine Shield, Cleansing Flame, Summon Divine Warrior, Renounce Religion,
Evoke Jump Attack
}: 2/15 runes: decaying, serpentine


You were on level 5 of the Vaults.
You worshipped the Shining One.
The Shining One was exalted by your worship.
You were not hungry.

You visited 11 branches of the dungeon, and saw 50 of its levels.
You also visited: Labyrinth, Trove, Sewer and Ossuary.

You collected 5334 gold pieces.
You spent 2034 gold pieces at shops.

Inventory:

Hand weapons
 a - a +5,+6 long sword of electrocution (weapon)
 b - the +10,+10 sling of Righteous Fury {flame, Int-1}
   (You found it on level 2 of the Snake Pit)

   It turns projectiles fired from it into bolts of flame.
   It affects your intelligence (-1).
 t - a +3,+2 scimitar of holy wrath
 E - a +2,+0 scimitar of flaming
Missiles
 C - 13 steel sling bullets
 U - 63 sling bullets
Armour
 g - a +2 pair of boots of jumping (worn)
 p - a +0 fire dragon armour (worn)
 v - a +1 cloak of poison resistance (worn)
 x - a +0 pair of gloves (worn)
 y - a +1 shield (worn)
 G - the +1 helmet of Least Resistance (worn) {Int+2}
   (You acquired it on level 4 of the Lair of Beasts)

   It affects your intelligence (+2).
Magical devices
 k - a wand of digging (23)
 m - a wand of polymorph (17)
 u - a wand of hasting (5)
 A - a wand of disintegration (5)
 F - a wand of fire (5)
 H - a wand of hasting (2)
 K - a wand of lightning (3)
 L - a wand of cold (3)
 N - a wand of fire (10)
 O - a wand of digging (18)
 R - a wand of fireball (3)
 W - a wand of enslavement (10)
Comestibles
 d - 8 bread rations
 f - 2 meat rations
Scrolls
 j - 4 scrolls of remove curse
 l - a scroll of teleportation
 o - a scroll of fog
 Q - 2 scrolls of magic mapping
Jewellery
 h - an uncursed ring of teleportation
 s - the ring "Taon" {rF+ rC- Str+2}
   (You found it in a treasure trove)

   [ring of protection from fire]

   It affects your strength (+2).
   It makes you vulnerable to cold.
 w - an uncursed ring of protection from magic
 B - a +5 ring of evasion (left hand)
 I - an amulet of clarity (around neck)
 M - a ring of protection from cold (right hand)
 S - the ring "Ceje" {Ice rN+ MR+ Stlth--}
   (You found it on level 2 of the Depths)

   [ring of ice]

   It protects you from negative energy.
   It affects your resistance to hostile enchantments.
   It makes you much less stealthy.
 T - a +4 ring of protection
 X - an uncursed amulet of resist corrosion
 Z - an uncursed ring of sustain abilities
Potions
 e - 2 potions of might
 q - a potion of haste
 D - 5 potions of curing
 J - 2 potions of agility
Miscellaneous
 n - a phial of floods
 P - a box of beasts {used: 1}
Rods
 c - a +4 rod of shadows (13/13)
   (You found it on level 7 of the Lair of Beasts)


   Skills:
 - Level 18.1 Fighting
 + Level 19.4 Long Blades
 - Level 15.1 Slings
 - Level 10.1 Armour
 - Level 20.7 Dodging
 - Level 15.3 Shields
 - Level 13.5 Invocations
 - Level 15.0 Evocations


You had 24 spell levels left.
You didn't know any spells.

Dungeon Overview and Level Annotations

Branches:
Dungeon (15/15)            Temple (1/1) D:5             Orc (4/4) D:12
    Elf (0/3) Orc:4          Lair (8/8) D:11          Swamp (5/5) Lair:5
  Snake (5/5) Lair:5        Slime (0/6) Lair:8       Vaults (5/5) D:13
  Blade (1/1) Vaults:3      Crypt (1/5) Vaults:2       Hell (1/1)
 Depths (4/5) D:15
    Dis: Hell:1         Geh: Hell:1         Coc: Hell:1         Tar: Hell:1

Altars:
Ashenzari
Dithmenos
Elyvilon
Kikubaaqudgha
Makhleb
Sif Muna
Vehumet
Xom
The Shining One
Beogh
Jiyva

Shops:
D:8 *   D:11 !   D:13 (?*   Orc:3 *   Orc:4 (!%?   Snake:1 [   Vaults:3 =%
Vaults:4 %

Portals:
Hell: Lair:8 Depths:1 Depths:2 Depths:3
Abyss: Depths:4
Pandemonium: Depths:3

Annotations:
D:2 1 exclusion
Swamp:2 exclusion: Roxanne, Roxanne
Vaults:5 Frederick; hunterx7d's ghost, mighty DsAK


Innate Abilities, Weirdness & Mutations

You are small and have problems with some larger weapons.
You are somewhat resistant to further mutation.
You have a slow metabolism.


Message History

The bolt of poison misses you.
The battlesphere fires!
The barrage of energy hits you!
* * * LOW HITPOINT WARNING * * *
The tengu reaver points at you and mumbles some strange words.
The bolt of poison hits you!
You are poisoned.
* * * LOW HITPOINT WARNING * * *
Things that are here:
an uncursed dagger; a fire giant corpse Drink which item? (? for menu, Esc to quit)
You feel better.
The tengu reaver unwields an uncursed long sword of holy wrath.
It stops glowing.
The tengu reaver drops an uncursed long sword of holy wrath.
The tengu reaver picks up a great sword of flaming.
The tengu reaver wields a great sword of flaming.
It bursts into flame!
The tengu reaver points at you and mumbles some strange words.
The bolt of poison hits you! You resist.
You die...

#+ .. #+##+##+##+# ##
#.....)..*.###... ..#
+##+*...+.... #....#
#).#)A..# #....#.
#).#HH..# o
#....#.SC.o##+@)..+
..#....##'....@....##
..o.O..co###########
#..o@@@..#####
..@.@@@@.......
..@@@@<@@......
....@@@@@......
....@@@@p.....
#.....@c.#####


You could see 2 tengu reavers, a vault guard and a friendly angel.

Vanquished Creatures
  Sojobo (Vaults:3)
  Margery (Vaults:4)
  Geryon (Hell)
  Vashnia (Snake:1)
  A tentacled monstrosity (Depths:2)
  3 sphinxes
  2 storm dragons
  Agnes (Vaults:3)
  3 thorn hunters
  6 tengu reavers
  9 greater nagas
  Donald (Orc:3)
  7 frost giants
  Maud (Lair:6)
  A deep elf sorcerer (Vaults:1)
  3 iron dragons
  Aizul (Snake:2)
  5 emperor scorpions
  8 fire giants
  12 vault wardens
  12 stone giants
  6 rakshasas
  2 reapers
  A vampire knight (Depths:2)
  A deep elf annihilator (Depths:2)
  2 dire elephants
  An eidolon (Crypt:1)
  A lorocyproca (Lair:8)
  A deep elf death mage (Depths:2)
  7 vault guards
  13 ettins
  7 fire dragons
  A great orb of eyes (Vaults:3)
  10 ironheart preservers
  3 minotaurs
  A ravenous feature mimic (Snake:4)
  14 yaktaur captains
  A ravenous item mimic (Vaults:4)
  2 spriggan air magi
  17 naga warriors
  27 dancing weapons
  3 shambling mangroves
  9 ice dragons
  4 deep troll earth magi
  17 ogre magi
  4 deep troll shamans
  35 hydras
  8 alligators
  9 anacondas
  26 death yaks
  4 tengu warriors
  4 hell hogs
  8 shock serpents
  A spriggan berserker (Depths:2)
  A vampire mage (Vaults:2)
  18 naga sharpshooters
  14 centaur warriors
  4 sun demons (Lair:8)
  13 very ugly things
  2 fire crabs
  9 hell knights
  A shadow wraith (Vaults:3)
  A titan skeleton (Depths:3)
  4 salamander mystics
  10 skeletal warriors
  3 deep elf knights
  8 naga ritualists
  A spriggan druid (Swamp:5)
  An ice devil (Vaults:3)
  A giant orange brain (Depths:3)
  3 wizards
  4 unseen horrors
  8 swamp dragons
  2 sea snakes (shapeshifter)
  A flayed ghost (Vaults:3)
  6 iron trolls
  21 deep trolls
  7 necromancers
  4 deep elf summoners
  9 ironbrand convokers
  A lindwurm (shapeshifter) (Depths:3)
  10 hill giants
  5 deep elf conjurers
  A cyclops (shapeshifter) (Vaults:3)
  Joseph (D:9)
  6 harpies
  7 hell beasts
  14 orc knights
  5 wolf spiders
  A wolf spider zombie (D:15)
  5 manticores
  2 oklob plants
  6 griffons
  14 mana vipers
  16 cyclopes
  A mermaid (shapeshifter) (Vaults:2)
  A mana viper (shapeshifter) (D:15)
  26 elephants
  An orc sorcerer (Vaults:1)
  An octopode (shapeshifter) (Vaults:2)
  14 salamanders
  6 red wasps
  7 guardian serpents
  A sixfirhy (Vaults:1)
  21 spiny frogs
  32 black mambas
  2 phantasmal warriors
  A guardian serpent (shapeshifter) (Vaults:1)
  13 vault sentinels
  A shock serpent zombie (Crypt:1)
  29 naga magi
  5 vapours
  Psyche (Orc:1)
  A gargoyle (D:9)
  2 orange demons (Lair:8)
  3 feature mimics
  An item mimic (D:15)
  2 kobold demonologists
  2 fire drakes
  A mottled draconian zombie (Crypt:1)
  An iron troll zombie (Vaults:4)
  5 efreet
  43 yaktaurs
  2 tengu conjurers
  6 komodo dragons
  5 iron devils
  3 red devils
  A troll (shapeshifter) (Vaults:2)
  A hellwing (Lair:8)
  6 wandering mushrooms (Lair:1)
  4 deep elf priests
  15 trolls
  A merfolk (shapeshifter) (Vaults:3)
  4 giant fireflies
  A polar bear (shapeshifter) (Depths:3)
  A sphinx simulacrum (Depths:2)
  A blink frog (shapeshifter) (Vaults:1)
  A giant firefly (shapeshifter) (Vaults:2)
  2 catoblepas zombies
  A silent spectre (Crypt:1)
  A komodo dragon (shapeshifter) (Depths:2)
  A hydra skeleton (D:15)
  9 giant leeches
  3 bog bodies
  6 freezing wraiths
  A wolf spider simulacrum (D:15)
  31 two-headed ogres
  6 basilisks
  45 slime creatures
  4 baby alligators (Swamp:3)
  23 blink frogs
  7 blue devils
  18 ravens
  A red wasp zombie (D:14)
  4 thorn lotuses
  A raven (shapeshifter) (Vaults:2)
  A trapdoor spider (shapeshifter) (D:15)
  7 spriggans
  3 boulder beetles
  A grizzly bear (Lair:5)
  4 air elementals
  10 redbacks
  A grizzly bear (shapeshifter) (Depths:2)
  3 sharks
  3 flying skulls (Depths:2)
  2 spriggan skeletons (Depths:2)
  2 wraiths
  A water elemental (Depths:3)
  2 trapdoor spiders (D:15)
  4 deep elf magi
  An elf zombie (D:15)
  3 vampires (Vaults:2)
  2 wyverns
  Eustachio (D:8)
  An elephant slug (Lair:5)
  43 yaks
  2 shadows
  13 hippogriffs
  A golden eye (shapeshifter) (Vaults:2)
  A formicid (shapeshifter) (D:15)
  51 ugly things
  The ghost of oplop the Magician, an average DrEE (Sewer)
  2 necrophages
  2 mottled dragons
  6 hungry ghosts
  41 vampire mosquitoes
  7 deep elf fighters
  15 wolves
  5 wargs
  27 swamp worms
  45 nagas
  A soldier ant (D:15)
  2 hell hounds
  16 swamp drakes
  42 orc warriors
  A human skeleton (D:15)
  A tengu skeleton (D:14)
  7 phantoms
  5 sky beasts
  Purgy (Sewer)
  8 porcupines
  3 black bears
  33 water moccasins
  78 ogres
  6 giant goldfish
  3 ice beasts
  A boring beetle (shapeshifter) (Depths:1)
  28 centaurs
  2 big kobolds (D:7)
  Duvessa (D:9)
  10 crocodiles
  24 giant frogs
  16 giant slugs
  A brain worm (D:15)
  42 insubstantial wisps
  A yaktaur skeleton (D:13)
  An eye of draining (shapeshifter) (Vaults:1)
  A troll zombie (D:7)
  3 wights (D:13)
  5 scorpions
  A hippogriff zombie (D:9)
  4 eyes of draining
  4 electric eels (D:10)
  A yaktaur simulacrum (D:15)
  13 killer bees
  3 human zombies
  7 crimson imps
  A soldier ant zombie (D:10)
  Dowan (D:9)
  7 hounds
  2 basilisk zombies
  2 goliath beetles
  2 quasits
  A human simulacrum (Vaults:3)
  19 orc priests
  10 iguanas
  2 centaur zombies (Ossuary)
  3 jellies
  2 iron imps
  2 elf skeletons
  45 orc wizards
  5 orange rats
  15 worker ants
  A worker ant (shapeshifter) (Vaults:3)
  A shapeshifter simulacrum (D:15)
  3 sheep (Vaults:2)
  4 ogre zombies
  A mottled dragon zombie (D:15)
  A big kobold skeleton (D:10)
  4 mummies
  A worker ant zombie (D:10)
  79 green rats
  38 adders
  An inept feature mimic (D:8)
  4 shadow imps
  2 giant mites
  A white imp (Depths:3)
  5 worms
  An ufetubus (D:8)
  An iguana zombie (D:9)
  An adder skeleton (D:9)
  6 giant eyeballs
  An ooze (D:6)
  205 orcs
  7 ball pythons
  31 bats
  14 hobgoblins
  29 jackals
  16 kobolds
  17 quokkas
  9 giant cockroaches
  10 giant geckos
  17 giant newts
  A giant spore (D:14)
  A gnoll zombie (Ossuary)
  19 goblins
  A goblin skeleton (D:4)
  2 goblin zombies (Ossuary)
  A hobgoblin zombie (Ossuary)
  A kobold skeleton (D:4)
  A kobold zombie (Ossuary)
  An orc zombie (Vaults:4)
  2 quokka skeletons
  20 rats
  A rat skeleton (D:4)
  7 ballistomycetes
  A bush (Lair:1)
  2 butterflies (D:15)
  7 fungi
2408 creatures vanquished.

Vanquished Creatures (collateral kills)
  An ancient lich (Depths:3)
  A titan (Depths:3)
  2 vault wardens
  A lorocyproca (Hell)
  An ogre mage (Vaults:3)
  A hell hog (Hell)
  A soul eater (Hell)
  An iron troll (Hell)
  An ice devil (Hell)
  A slime creature (Depths:3)
  2 hell beasts (Hell)
  An ogre (Vaults:3)
  A giant frog (D:12)
  A shadow imp (D:15)
16 creatures vanquished.

Vanquished Creatures (others)
  A daeva (Depths:3)
  A fire giant (Vaults:5)
  An ironheart preserver (Vaults:3)
  An alligator (Swamp:1)
  A hydra (Vaults:3)
  A ravenous feature mimic (Vaults:3)
  A centaur warrior (Depths:2)
  A slime creature (Vaults:2)
  2 ball lightnings (Swamp:2)
  2 hill giants
  A naga mage (Snake:5)
  4 water elementals
  A red devil (Hell)
  3 trolls
  A two-headed ogre (Depths:3)
  A deep elf mage (Snake:3)
  A human zombie (Vaults:4)
  A mottled dragon (Swamp:1)
  A chimera (Vaults:3)
  2 orc warriors
  4 centaurs
  2 yellow wasps
  3 ogres
  A giant frog (D:11)
  A big kobold (Depths:2)
  An insubstantial wisp (Swamp:2)
  A scorpion (Vaults:2)
  2 killer bees (D:11)
  An electric eel (D:10)
  3 goliath beetles
  A hound (D:12)
  A jelly (Vaults:4)
  An orc wizard (Vaults:3)
  An iguana (D:15)
  3 worker ants
  An adder (Lair:8)
  A worm (Vaults:4)
  A giant gecko (Lair:8)
  5 orcs
  A goblin (Lair:8)
  5 kobolds
  2 giant spores (D:9)
  7 fungi
  8 plants
85 creatures vanquished.

Grand Total: 2509 creatures vanquished

Notes
Turn   | Place    | Note
--------------------------------------------------------------
     0 | D:1      | therealpatrickswayze, the Halfling Fighter, began the quest for the Orb.
     0 | D:1      | Reached XP level 1. HP: 15/15 MP: 1/1
    95 | D:1      | Reached XP level 2. HP: 17/20 MP: 2/2
   328 | D:1      | Reached XP level 3. HP: 15/25 MP: 3/3
  1164 | D:2      | Reached skill level 4 in Long Blades
  1164 | D:2      | Reached XP level 4. HP: 30/30 MP: 4/4
  2324 | D:3      | Reached XP level 5. HP: 35/35 MP: 5/5
  2656 | D:3      | Reached skill level 5 in Long Blades
  2886 | D:3      | Found a glowing golden altar of the Shining One.
  3093 | D:3      | Became a worshipper of the Shining One
  3157 | D:3      | Found a radiant altar of Vehumet.
  3246 | D:3      | Found a deep blue altar of Sif Muna.
  3499 | D:4      | Noticed a phantom
  3560 | D:4      | Killed a phantom
  3560 | D:4      | Reached skill level 6 in Long Blades
  3560 | D:4      | Reached XP level 6. HP: 9/41 MP: 6/6
  3738 | D:4      | Found a glowing drain.
  3767 | Sewer    | Entered a sewer
  4066 | Sewer    | Noticed Purgy
  4086 | Sewer    | Killed Purgy
  4142 | Sewer    | Reached XP level 7. HP: 29/45 MP: 7/7
  4304 | Sewer    | Noticed oplop's ghost (average DrEE)
  4331 | Sewer    | Killed oplop's ghost
  4331 | Sewer    | Reached skill level 7 in Long Blades
  4627 | D:4      | Noticed a phantom
  4670 | D:4      | Killed a phantom
  4670 | D:4      | Reached skill level 8 in Long Blades
  4920 | D:5      | Entered Level 5 of the Dungeon
  5048 | D:5      | Reached XP level 8. HP: 30/51 MP: 8/8
  5203 | D:5      | Found a staircase to the Ecumenical Temple.
  5219 | Temple   | Entered the Ecumenical Temple
  5341 | D:5      | Reached skill level 9 in Long Blades
  5375 | D:5      | Noticed a hungry ghost
  5399 | D:5      | Killed a hungry ghost
  5565 | D:5      | Acquired the Shining One's first power
  6054 | D:6      | Reached skill level 10 in Long Blades
  6288 | D:4      | Reached XP level 9. HP: 35/55 MP: 9/9
  6688 | D:6      | Reached skill level 11 in Long Blades
  6949 | D:7      | Reached skill level 12 in Long Blades
  7023 | D:7      | Found a sand-covered staircase.
  7028 | Ossuary  | Entered an ossuary
  8283 | D:7      | Reached XP level 10. HP: 27/61 MP: 10/10
  8457 | D:7      | Reached skill level 5 in Dodging
  8588 | D:8      | Found Inu Bour's Assorted Antiques.
  8620 | D:8      | Bought a scroll of identify for 54 gold pieces
  8620 | D:8      | Bought a scroll of teleportation for 81 gold pieces
  8620 | D:8      | Bought an ivory ring for 135 gold pieces
  8635 | D:8      | Noticed Eustachio
  8671 | D:8      | Killed Eustachio
  8671 | D:8      | Acquired the Shining One's second power
  9764 | D:8      | Reached skill level 13 in Long Blades
  9906 | D:9      | Noticed Joseph
  9931 | D:9      | Killed Joseph
  9931 | D:9      | Reached XP level 11. HP: 54/66 MP: 11/11
 10050 | D:9      | Noticed a gargoyle
 10097 | D:9      | Killed a gargoyle
 10097 | D:9      | Reached skill level 14 in Long Blades
 10589 | D:9      | Found a white marble altar of Elyvilon.
 10632 | D:9      | Noticed Dowan
 10660 | D:9      | Killed Dowan
 10677 | D:9      | Noticed Duvessa
 10685 | D:9      | Killed Duvessa
 11134 | D:10     | Entered Level 10 of the Dungeon
 11384 | D:10     | Upgraded the game from 0.15-a0-16-g55057a3 to 0.15-a0-23-gfd8676b
 12312 | D:10     | Paralysed by a giant eyeball for 4 turns
 13236 | D:10     | Reached skill level 10 in Dodging
 13389 | D:10     | Paralysed by a giant eyeball for 4 turns
 14615 | D:11     | Found a burning altar of Makhleb.
 14776 | D:11     | Found Qatifoju's Distillery.
 14777 | D:11     | Found a staircase to the Lair.
 14783 | D:11     | Reached XP level 12. HP: 72/72 MP: 12/12
 15107 | D:11     | Noticed a hill giant
 15151 | D:11     | Killed a hill giant
 15221 | D:11     | Bought 2 potions of curing for 64 gold pieces
 15221 | D:11     | Bought a potion of curing for 32 gold pieces
 15221 | D:11     | Bought a potion of curing for 32 gold pieces
 15651 | D:11     | Noticed a centaur warrior
 16350 | Lair:1   | Entered Level 1 of the Lair of Beasts
 16642 | Lair:1   | Found a labyrinth entrance.
 16652 | Lab      | Entered a labyrinth
 16768 | Lab      | Found an exit through the horrors of the Abyss.
 16787 | Lab      | Found an exit through the horrors of the Abyss.
 16966 | Lab      | Noticed a minotaur
 16976 | Lab      | Killed a minotaur
 16980 | Lab      | Identified Siusto Nuecs' Incunabulum of Transformation
 16983 | Lab      | Got a bloodstained scale mail
 16984 | Lab      | Identified the cursed +0 scale mail of Trodeji {+Fly rF+ Str+3} (You found it in a labyrinth)
 17179 | D:11     | Killed a centaur warrior
 18075 | Lair:1   | Reached skill level 15 in Dodging
 18504 | Lair:2   | Noticed a six-headed hydra
 18660 | Lair:2   | Reached skill level 5 in Shields
 18758 | Lair:2   | Noticed a death yak
 18758 | Lair:2   | Noticed a death yak
 18758 | Lair:2   | Noticed a death yak
 18786 | Lair:1   | Killed a death yak
 19238 | Lair:3   | Reached XP level 13. HP: 76/76 MP: 13/13
 19529 | Lair:3   | Acquired the Shining One's third power
 19918 | Lair:4   | Found a staircase to the Snake Pit.
 20093 | Lair:4   | Identified a scroll of acquirement
 20094 | Lair:4   | Got a faintly glowing helmet
 20095 | Lair:4   | Identified the +1 helmet of Least Resistance {Int+2} (You acquired it on level 4 of the Lair of Beasts)
 20611 | Lair:5   | Reached skill level 15 in Long Blades
 20845 | Lair:4   | Got a warped short sword
 20846 | Lair:4   | Identified the +9,+6 short sword "Mniazapn" {drain, Hunger +Inv rN+} (You found it on level 4 of the Lair of Beasts)
 21619 | Lair:5   | Reached skill level 16 in Long Blades
 21768 | Lair:5   | Found a staircase to the Snake Pit.
 21821 | Lair:5   | Found a staircase to the Swamp.
 22766 | Lair:6   | Noticed Maud
 22783 | Lair:6   | Killed Maud
 22783 | Lair:6   | Reached XP level 14. HP: 76/81 MP: 14/14
 23570 | Lair:7   | Reached skill level 17 in Long Blades
 23845 | Lair:7   | Identified Ixups' Tome of Beguiling
 23910 | Lair:7   | Identified a +4 rod of shadows (13/13) (You found it on level 7 of the Lair of Beasts)
 24337 | Lair:8   | Entered Level 8 of the Lair of Beasts
 24497 | Lair:8   | Found a viscous altar of Jiyva.
 24660 | Lair:8   | Found a staircase to the Slime Pits.
 24848 | Lair:8   | Reached skill level 18 in Long Blades
 25184 | Lair:8   | Reached skill level 1 in Evocations
 25305 | Lair:8   | Acquired the Shining One's fourth power
 26323 | Lair:8   | Reached skill level 5 in Evocations
 26960 | Lair:8   | Got a warped ring mail
 26978 | Lair:8   | Identified the cursed +0 ring mail of Temperance {Str+1} (You found it on level 8 of the Lair of Beasts)
 27130 | Lair:8   | Found a burning altar of Makhleb.
 27330 | Lair:8   | Found a gateway to Hell.
 27353 | Lair:8   | Reached XP level 15. HP: 86/86 MP: 26/26
 28169 | D:11     | Noticed a five-headed hydra
 28453 | D:12     | Found a staircase to the Orcish Mines.
 29505 | D:13     | Found Muvedim's General Store.
 29644 | D:13     | Found Ycutito's Antique Weapon Shop.
 29652 | D:13     | Ycutito's Antique Weapon Shop was a mimic.
 29838 | Lair:2   | Noticed a death yak
 29873 | Lair:2   | Killed a death yak
 29877 | Lair:2   | Killed a death yak
 29877 | Lair:2   | Reached skill level 10 in Evocations
 29883 | Lair:2   | Killed a death yak
 30262 | D:13     | Paralysed by a giant eyeball for 2 turns
 30270 | D:13     | Paralysed by a giant eyeball for 4 turns
 30330 | D:13     | Found Shriaj's Antique Weapon Emporium.
 30374 | D:13     | Bought a fine cutlass for 324 gold pieces
 30377 | D:13     | Identified the +5,+7 cutlass of Teotrovo {slice, Str+2} (You bought it in a shop on level 13 of the Dungeon)
 30845 | D:11     | Killed a hydra
 30960 | Lair:2   | Killed a hydra
 31122 | Lair:4   | the staircase to the Snake Pit was a mimic.
 32669 | D:13     | Found Tyocloj's Magic Scroll Emporium.
 32993 | D:13     | Found a gate to the Vaults.
 34117 | D:15     | Entered Level 15 of the Dungeon
 34203 | D:15     | Reached XP level 16. HP: 89/91 MP: 29/29
 34481 | D:15     | Reached skill level 10 in Shields
 34899 | D:15     | Found a shattered altar of Ashenzari.
 34899 | D:15     | Found a shimmering altar of Xom.
 34899 | D:15     | Found a shadowy altar of Dithmenos.
 34910 | D:15     | Noticed a frost giant
 34922 | D:15     | Killed a frost giant
 35415 | D:15     | Noticed a storm dragon
 36259 | Orc:1    | Entered Level 1 of the Orcish Mines
 36314 | Orc:1    | Noticed Psyche
 36326 | Orc:1    | Killed Psyche
 36835 | Orc:3    | Found a roughly hewn altar of Beogh.
 36989 | Orc:3    | Found Luqoaril's General Store.
 37002 | Orc:3    | Bought a +0 pair of gloves for 67 gold pieces
 37452 | Orc:4    | Entered Level 4 of the Orcish Mines
 37487 | Orc:4    | Found Schinu Maikiu's Magic Scroll Boutique.
 37738 | Orc:4    | Reached skill level 19 in Dodging
 37939 | Orc:4    | Found Alioha's Food Emporium.
 38022 | Orc:4    | Bought a scroll of enchant weapon I for 45 gold pieces
 38022 | Orc:4    | Bought a scroll of identify for 26 gold pieces
 38022 | Orc:4    | Bought a scroll of enchant armour for 97 gold pieces
 38241 | Orc:4    | Found Xottul's Weapon Boutique.
 38243 | Orc:4    | Found Salaa's Distillery.
 38247 | Orc:4    | Noticed Donald
 38316 | Orc:3    | Killed Donald
 38581 | Orc:4    | Found a staircase to the Elven Halls.
 38756 | Orc:4    | Bought a scroll of enchant armour for 97 gold pieces
 39069 | D:15     | Killed a storm dragon
 39069 | D:15     | Reached XP level 17. HP: 86/97 MP: 30/30
 39260 | D:15     | Noticed a sphinx
 39271 | D:15     | Paralysed by a sphinx for 3 turns
 39297 | D:15     | Killed a sphinx
 40012 | D:15     | Reached skill level 20 in Dodging
 40640 | D:15     | Found a staircase to the Depths.
 41131 | Swamp:1  | Entered Level 1 of the Swamp
 42262 | Swamp:1  | Reached skill level 15 in Shields
 42684 | Swamp:1  | Reached skill level 5 in Armour
 43475 | Swamp:2  | Noticed Roxanne
 44352 | Swamp:3  | Reached XP level 18. HP: 25/105 MP: 31/31
 45799 | Swamp:4  | Reached skill level 5 in Fighting
 47074 | Swamp:5  | Entered Level 5 of the Swamp
 48379 | Swamp:5  | Got a decaying rune of Zot
 49165 | Snake:1  | Entered Level 1 of the Snake Pit
 49488 | Snake:1  | Reached XP level 19. HP: 89/118 MP: 32/32
 49501 | Snake:1  | Reached skill level 10 in Armour
 49856 | Snake:1  | Found Etez's Antique Armour Shoppe.
 49862 | Snake:1  | Bought a fine plate armour for 980 gold pieces
 49863 | Snake:1  | Identified the cursed -3 plate armour of Untruth {Str+1 Dex+1} (You bought it in a shop on level 1 of the Snake Pit)
 49912 | Snake:1  | Reached skill level 1 in Invocations
 50650 | Snake:2  | Noticed Aizul
 50684 | Snake:2  | Killed Aizul
 51274 | Snake:2  | Noticed Vashnia
 51794 | Snake:1  | Killed Vashnia
 51794 | Snake:1  | Reached skill level 5 in Invocations
 52731 | Snake:2  | Got a brightly glowing sling
 52732 | Snake:2  | Identified the +10,+10 sling of Righteous Fury {flame, Int-1} (You found it on level 2 of the Snake Pit)
 52762 | Snake:2  | Reached skill level 1 in Slings
 54591 | Snake:3  | Reached skill level 5 in Slings
 57000 | Snake:4  | Reached skill level 10 in Slings
 57508 | Snake:5  | Entered Level 5 of the Snake Pit
 57744 | Snake:5  | Reached XP level 20. HP: 105/130 MP: 32/32
 58768 | Snake:5  | Reached skill level 10 in Fighting
 60854 | Snake:5  | Got a serpentine rune of Zot
 61317 | Vaults:1 | Entered Level 1 of the Vaults
 61944 | Vaults:1 | Got a steaming bronze amulet
 61946 | Vaults:1 | Identified the amulet of Shiosesu {rMut -Tele} (You found it on level 1 of the Vaults)
 62537 | Vaults:1 | Reached XP level 21. HP: 142/142 MP: 33/33
 62928 | Vaults:2 | Reached skill level 15 in Slings
 63050 | Vaults:2 | Found a staircase to the Crypt.
 65607 | Vaults:3 | Found Etajiamn's Jewellery Emporium.
 65690 | Vaults:3 | Found Vecsaiv's Food Shoppe.
 66366 | Vaults:3 | Reached skill level 10 in Invocations
 66607 | Vaults:3 | Found a portal to a secret trove of treasure.
 66892 | Vaults:3 | Reached XP level 22. HP: 73/153 MP: 34/34
 67213 | Vaults:3 | Found a staircase to the Hall of Blades.
 67228 | Blade    | Entered the Hall of Blades
 68276 | Vaults:3 | Noticed Agnes
 68292 | Vaults:3 | Killed Agnes
 69063 | Vaults:4 | Noticed Margery
 69529 | Vaults:4 | Killed Margery
 69718 | Vaults:4 | Noticed Sojobo
 69998 | Vaults:3 | Killed Sojobo
 69998 | Vaults:3 | Reached skill level 15 in Fighting
 71002 | Vaults:3 | Reached XP level 23. HP: 22/162 MP: 36/36
 71849 | Vaults:4 | Found Tiobiofi's Food Shoppe.
 72819 | Hell     | Entered the Vestibule of Hell
 72819 | Hell     | Noticed Geryon
 73117 | Hell     | Killed Geryon
 73926 | Trove    | Entered a treasure trove
 73943 | Trove    | Got a brightly glowing steel ring
 73951 | Trove    | Got a pitted granite ring
 73966 | Trove    | Identified the ring "Taon" {rF+ rC- Str+2} (You found it in a treasure trove)
 74004 | Vaults:3 | Upgraded the game from 0.15-a0-23-gfd8676b to 0.15-a0-33-ga435e27
 74087 | Crypt:1  | Entered Level 1 of the Crypt
 74151 | Crypt:1  | Identified the ring "Xugal" {Regen Dex-3} (You found it in a treasure trove)
 74576 | Depths:1 | Entered Level 1 of the Depths
 75695 | Depths:1 | Got a faintly glowing ring mail
 75863 | Depths:1 | Identified the cursed -7 ring mail of Apsuesag {Str+1 Dex+4 Curse} (You found it on level 1 of the Depths)
 76993 | Depths:2 | Reached XP level 24. HP: 177/177 MP: 37/37
 77736 | Depths:2 | Got a flickering wooden ring
 78312 | Depths:2 | Identified the ring "Ceje" {Ice rN+ MR+ Stlth--} (You found it on level 2 of the Depths)
 79065 | Depths:3 | Found a one-way gate leading to the halls of Pandemonium.
 79239 | Depths:3 | Reached skill level 15 in Evocations
 80122 | Depths:3 | Noticed an ancient lich
 81052 | Depths:3 | Killed an ancient lich
 81492 | Depths:3 | Identified the Handbook of Changing
 81664 | Depths:4 | Found a one-way gate to the infinite horrors of the Abyss.
 81691 | Depths:3 | Reached XP level 25. HP: 173/183 MP: 38/38
 83257 | Vaults:5 | Entered Level 5 of the Vaults
 83257 | Vaults:5 | Noticed Frederick
 83257 | Vaults:5 | Noticed hunterx7d's ghost (mighty DsAK)
 83493 | Vaults:5 | HP: 5/183 [tengu reaver/bolt of poison (38)]
 83494 | Vaults:5 | Killed from afar by a tengu reaver

Action                   |  1- 3 |  4- 6 |  7- 9 | 10-12 | 13-15 | 16-18 | 19-21 | 22-24 | 25-27 || total
-------------------------+-------+-------+-------+-------+-------+-------+-------+-------+-------++-------
Melee: Long sword        |    89 |   179 |   433 |   162 |  1773 |  2378 |  2327 |  2150 |   133 ||  9624
       Falchion          |       |   109 |    24 |       |       |       |       |       |       ||   133
       Scimitar          |       |       |       |  1012 |    78 |   240 |       |   382 |       ||  1712
 Fire: Sling             |       |       |       |       |       |       |   126 |    54 |       ||   180
Invok: Cleansing Flame   |       |       |       |       |       |       |       |     5 |     1 ||     6
       Summon Divine War |       |       |       |       |       |       |       |     4 |     1 ||     5
       Divine Shield     |       |       |       |       |       |       |       |     2 |       ||     2
 Abil: Evoke Jump Attack |       |       |       |       |     6 |     8 |    19 |     8 |       ||    41
       Evoke Teleportati |       |       |       |       |       |       |       |     1 |       ||     1
Evoke: Wand              |       |     2 |     6 |    40 |    40 |    12 |     1 |     9 |       ||   110
       Rod               |       |       |       |       |    18 |    12 |     4 |    13 |       ||    47
       Phial of floods   |       |       |       |       |       |     1 |       |     1 |       ||     2
       Box of beasts     |       |       |       |       |       |       |     2 |     1 |       ||     3
  Use: Scroll            |       |    10 |     6 |    12 |    15 |    23 |    11 |    13 |     1 ||    91
       Potion            |       |     1 |     8 |     2 |       |     4 |     3 |     9 |     2 ||    29
 Stab: Fleeing           |       |       |       |       |     1 |       |       |       |       ||     1
       Distracted        |       |       |       |       |       |       |       |     1 |       ||     1
